 Dungeon Crawl Stone Soup version 0.30-a0-718-geaa24f58ff (webtiles) character file.

Game seed: 17627092764489507985

7267 ragingrage the Summoner (level 11, -3/79 HPs)
             Began as a Formicid Summoner on Jan 25, 2023.
             Was an Elder of Sif Muna.
             Slain by a seven-headed hydra (6 damage)
             ... on level 9 of the Dungeon.
             The game lasted 00:16:35 (9055 turns).

ragingrage the Summoner (Formicid Summoner)         Turns: 9055, Time: 00:16:36

Health: -3/79      AC: 10    Str: 13    XL:     11   Next: 34%
Magic:  12/26      EV: 13    Int: 19    God:    Sif Muna [****..]
Gold:   598        SH:  0    Dex: 14    Spells: 5/18 levels left

rFire   . . .      SeeInvis +    b - +6 demon trident "Demon's Funeral" {elec, Will+ Stlth+}
rCold   . . .      Faith    .    C - orb {light}
rNeg    . . .      Spirit   .    M - +1 troll leather armour
rPois   .          Reflect  .    (helmet unavailable)
rElec   .          Harm     .    (no cloak)
rCorr   .          Rampage  .    (no gloves)
Will    ++...                    s - +0 pair of boots
Stlth   +                        u - amulet of regeneration
HPRegen 1.93/turn                B - +4 ring of protection
MPRegen 0.20/turn                z - ring of magical power

@: glowing
A: permanent stasis, dig shafts and tunnels, antennae 3, four strong arms
a: Dig, Shaft Self, Renounce Religion, Channel Magic, Forget Spell, Divine
Exegesis


You were on level 9 of the Dungeon.
You worshipped Sif Muna.
Sif Muna was greatly pleased with you.
You visited 1 branch of the dungeon, and saw 9 of its levels.

You collected 598 gold pieces.

Inventory:

Hand Weapons
 a - the +5 whip "Yhareck" {flame, rElec Str+6 Int+2 Dex+2}
   (You found it on level 2 of the Dungeon)

   Str:       It affects your strength (+6).
   Int:       It affects your intelligence (+2).
   Dex:       It affects your dexterity (+2).
   rElec:     It insulates you from electricity.
 b - the +6 demon trident "Demon's Funeral" (weapon) {elec, Will+ Stlth+}
   (You found it on level 7 of the Dungeon)

   Will:      It increases your willpower.
   Stlth:     It makes you more stealthy.
Missiles
 v - 12 poisoned darts
 x - 3 atropa-tipped darts
 F - 5 throwing nets
 G - 6 curare-tipped darts
Armour
 r - a +0 buckler
 s - a +0 pair of boots (worn)
 C - an orb of light (worn)
 M - a +1 troll leather armour (worn)
Jewellery
 g - a +4 ring of protection
 u - an amulet of regeneration (around neck)
 z - a ring of magical power (right hand)
 B - a +4 ring of protection (left hand)
 H - a ring of poison resistance
 J - a ring of protection from cold
Wands
 t - a wand of polymorph (5)
 O - a wand of charming (10)
Scrolls
 c - a scroll of torment {unknown}
 f - a scroll of immolation {unknown}
 l - 3 scrolls of enchant weapon
 m - a scroll of vulnerability {unknown}
 n - 2 scrolls of poison
 o - a scroll of identify
 q - 2 scrolls of silence
 w - a scroll of noise {unknown}
 y - 2 scrolls of fog
 D - a scroll of blinking {unknown}
 I - a scroll of amnesia {unknown}
 K - a scroll of enchant armour {unknown}
 P - a scroll of magic mapping {unknown}
Potions
 d - a potion of resistance {unknown}
 e - 2 potions of lignification
 h - a potion of mutation {unknown}
 i - a potion of invisibility {unknown}
 j - 2 potions of curing
 k - a potion of might {unknown}
 p - 2 potions of heal wounds
 A - 2 potions of brilliance
 E - 2 potions of attraction
 L - 2 potions of magic
 Q - a potion of flight {unknown}
Miscellaneous
 N - a lightning rod (4/4)


   Skills:
 - Level 5.0 Fighting
 + Level 4.9 Polearms
 - Level 5.0 Dodging
 - Level 2.4 Stealth
 - Level 4.0 Spellcasting
 - Level 5.0 Hexes
 + Level 11.2 Summonings
 - Level 3.0 Air Magic
 + Level 8.7 Invocations


You had 5 spell levels left.
You knew the following spells:

 Your Spells              Type           Power      Damage    Failure   Level
a - Summon Lightning Spi  Summ/Air       30%        N/A       10%         4
b - Call Canine Familiar  Summ           46%        N/A       1%          3
c - Summon Guardian Gole  Hex/Summ       34%        N/A       1%          3
d - Call Imp              Summ           46%        N/A       1%          2
e - Summon Small Mammal   Summ           100%       N/A       1%          1

Your spell library contained the following spells:

 Spells                   Type           Power      Damage    Failure   Level
 Slow                     Hex            88%        N/A       2%          1
 Confusing Touch          Hex            22%        N/A       7%          3
 Tukima's Dance           Hex            22%        N/A       7%          3
 Static Discharge         Conj/Air       18%        2-3/arc   14%         2
 Necrotise                Necr           12%        1d4       17%         1
 Portal Projectile        Hex/Tloc       26%        N/A       19%         3
 Lesser Beckoning         Tloc           6%         N/A       26%         2
 Momentum Strike          Conj/Tloc      6%         3d8       26%         2
 Sublimation of Blood     Necr           3%         N/A       26%         2
 Wereblood                Tmut           3%         N/A       26%         2
 Vhi's Electric Charge    Tloc/Air       18%        N/A       28%         3
 Hailstorm                Conj/Ice       3%         3d3       45%         3
 Ozocubu's Armour         Ice            3%         N/A       45%         3
 Vampiric Draining        Necr           3%         2d6       45%         3
 Anguish                  Hex/Necr       6%         N/A       52%         4
 Ice Form                 Ice/Tmut       3%         N/A       86%         4
 Metabolic Englaciation   Hex/Ice        6%         N/A       86%         5
 Arcjolt                  Conj/Air       4%         1d14      95%         5
 Lightning Bolt           Conj/Air       4%         1d16      95%         5
 Agony                    Necr           3%         N/A       99%         5
 Blade Hands              Tmut           1%         N/A       99%         5
 Summon Hydra             Summ           23%        N/A       82%         7
 Simulacrum               Ice/Necr       1%         N/A       100%        6
 Enfeeble                 Hex            11%        N/A       100%        7
 Blink                    Tloc           Unusable   N/A       N/A         2

Dungeon Overview and Level Annotations

Branches:
Dungeon (9/15)             Temple (0/1) D:7
   Lair: D:8-11         Orc: D:9-12

Altars:
Cheibriados
Dithmenos
Gozag
Hepliaklqana
Kikubaaqudgha
Sif Muna
Uskayaw
Wu Jian
The Shining One


Innate Abilities, Weirdness & Mutations

You cannot be hasted, slowed, berserked, paralysed or teleported.
You can dig through walls and to a lower floor.
You have a pair of large antennae on your head. (SInv)
Your four strong arms can wield two-handed weapons with a shield.


Message History

Your guardian golem disappears in a puff of smoke!
The seven-headed hydra is engulfed in blazing flames.
The seven-headed hydra attacks as you move away!
The seven-headed hydra bites you but does no damage.
The seven-headed hydra bites you.
The seven-headed hydra bites you but does no damage.
The seven-headed hydra bites you! x2
The seven-headed hydra closely misses you.
The seven-headed hydra bites you!
The centaur shoots an arrow.
The arrow hits your lightning spire.
The centaur shoots an arrow.
The arrow hits your lightning spire!
Casting: Summon Guardian Golem (safe; 1% risk of failure)
Confirm with . or Enter, or press ? or * to list all spells.
A guardian golem appears, shielding your allies.
The seven-headed hydra bites you!
The seven-headed hydra bites you but does no damage.
The seven-headed hydra bites you.
The seven-headed hydra closely misses you.
The seven-headed hydra barely misses you.
The seven-headed hydra bites you!
* * * LOW HITPOINT WARNING * * *
The seven-headed hydra bites you but does no damage.
You feel much better. The seven-headed hydra bites you.
The seven-headed hydra closely misses you.
The seven-headed hydra barely misses you.
The seven-headed hydra bites you. The seven-headed hydra bites you! x2
* * * LOW HITPOINT WARNING * * *
The seven-headed hydra bites you but does no damage.
The seven-headed hydra attacks as you move away!
The seven-headed hydra bites you!
* * * LOW HITPOINT WARNING * * *
The seven-headed hydra closely misses you.
The seven-headed hydra bites you.
* * * LOW HITPOINT WARNING * * *
The seven-headed hydra bites you.
* * * LOW HITPOINT WARNING * * *
The seven-headed hydra completely misses you.
The seven-headed hydra bites you but does no damage.
The seven-headed hydra bites you.
You die...

<...# #...# #....# ....# #...#
#....# ####### ....####...#
#....# .......
...........####....#####....)..
...............................
...............................
..............#########........
♣+♣...........#.......#.###+##.
..♣....†..#####.@.....#.#....#
#.♣.......#....D......#>#....#
..♣.......#....89.....#.#....# #
..'.......#..○☼.......#.'....# ..
..♣.......#+#c#########.######...
#.♣.........☼§§..................
..♣....................[.........
♣+♣..##.................).....##
...######...............#####


You could see a seven-headed hydra (ally target), a centaur, a friendly guardian
golem (summoned) and a friendly lightning spire (summoned, sheltered).

Vanquished Creatures
  Pikel (D:5)
  A kobold demonologist (D:7)
  A slime creature (D:7)
  A wyvern (D:7)
  An unseen horror simulacrum (D:9)
  A steam dragon (D:7)
  A water moccasin (D:7)
  A sky beast (D:7)
  3 orc warriors
  An ice beast (D:7)
  A wolf (D:9)
  A centaur (D:7)
  2 phantoms
  2 kobold brigands (D:7)
  4 scorpions
  2 gnoll sergeants
  3 wights
  4 hounds
  2 jellies (D:7)
  An orc priest (D:5)
  A gnoll bouda (D:7)
  An iguana (D:4)
  6 orc wizards
  A centaur simulacrum (D:9)
  2 adders (D:5)
  A shadow imp (D:7)
  A white imp (D:5)
  An ufetubus (D:7)
  2 dart slugs
  9 orcs
  A ball python (D:4)
  2 bats
  3 hobgoblins
  2 quokkas
  A frilled lizard (D:3)
  7 goblins
  6 kobolds
  3 rats
84 creatures vanquished.

Vanquished Creatures (collateral kills)
  A two-headed ogre (D:8)
  Grinder (D:4)
  A yak (D:9)
  Eustachio (D:6)
  3 water moccasins
  An orc warrior (D:8)
  An ogre (D:5)
  2 ice beasts
  A kobold brigand (D:7)
  A necrophage (D:8)
  A scorpion (D:6)
  2 wights (D:3)
  2 electric eels (D:7)
  A howler monkey (D:5)
  2 orc priests
  5 hounds
  2 iguanas (D:5)
  3 orc wizards (D:8)
  A mummy (D:8)
  Robin (D:2)
  8 gnolls
  2 adders
  2 white imps
  An ufetubus (D:5)
  2 dart slugs
  18 orcs
  7 endoplasms
  2 giant cockroaches (D:1)
  8 goblins
  9 hobgoblins
  12 kobolds
  3 quokkas
  2 ball pythons (D:2)
  A bat (D:1)
  5 frilled lizards
  A rat (D:1)
116 creatures vanquished.

Vanquished Creatures (others)
  Joseph (D:7)
  A troll (D:7)
  A vampire (D:7)
  An unseen horror simulacrum (D:9)
  A basilisk (D:9)
  A vampire mosquito (D:7)
  4 wights (D:7)
  A centaur simulacrum (D:9)
  An orc (D:7)
12 creatures vanquished.

Grand Total: 212 creatures vanquished

Notes
Turn   | Place    | Note
-------+----------+-------------------------------------------
     0 | D:1      | ragingrage the Formicid Summoner began the quest for the
                  | Orb.
     0 | D:1      | Reached XP level 1. HP: 13/13 MP: 3/3
     5 | D:1      | You fall into a shaft and drop 1 floor!
   246 | D:1      | Reached XP level 2. HP: 19/19 MP: 1/5
   249 | D:1      | Learned a level 2 spell: Call Imp
   474 | D:1      | Found a faded altar of an unknown god.
   825 | D:1      | Reached XP level 3. HP: 24/24 MP: 3/6
   829 | D:1      | Learned a level 3 spell: Call Canine Familiar
  1294 | D:2      | Reached skill level 5 in Summonings
  1420 | D:2      | Noticed Robin
  1630 | D:2      | Identified the +5 whip "Yhareck" {flame, rElec Str+6 Int+2
                  | Dex+2}
  1705 | D:2      | Reached XP level 4. HP: 30/30 MP: 4/7
  1939 | D:2      | Killed Robin
  2104 | D:3      | Found a shimmering blue altar of Sif Muna.
  2196 | D:3      | Became a worshipper of Sif Muna the Loreminder
  2272 | D:3      | Reached XP level 5. HP: 35/35 MP: 5/8
  2281 | D:3      | Reached skill level 6 in Summonings
  2526 | D:3      | Reached skill level 7 in Summonings
  2526 | D:3      | Reached XP level 6. HP: 41/41 MP: 5/9
  3246 | D:4      | Noticed a water moccasin
  3302 | D:3      | Learned a level 3 spell: Summon Guardian Golem
  3353 | D:4      | Reached * piety under Sif Muna
  3473 | D:4      | Found a hide-covered altar of Uskayaw.
  3536 | D:4      | Noticed Grinder
  3552 | D:4      | Reached skill level 1 in Hexes
  3552 | D:4      | Reached XP level 7. HP: 46/46 MP: 5/10
  3555 | D:4      | Killed Grinder
  3763 | D:4      | Killed a water moccasin
  3764 | D:4      | Reached skill level 8 in Summonings
  3806 | D:4      | Reached XP level 8. HP: 42/52 MP: 7/13
  4207 | D:5      | Entered Level 5 of the Dungeon
  4376 | D:5      | Reached skill level 1 in Invocations
  4568 | D:5      | Reached ** piety under Sif Muna
  4902 | D:5      | Noticed Pikel
  4908 | D:5      | Killed Pikel
  4909 | D:5      | Reached skill level 5 in Hexes
  4909 | D:5      | Reached skill level 9 in Summonings
  4909 | D:5      | Reached XP level 9. HP: 57/57 MP: 9/15
  5087 | D:5      | Reached skill level 5 in Invocations
  5258 | D:6      | Learned a level 4 spell: Summon Lightning Spire
  5535 | D:6      | Reached skill level 1 in Air Magic
  5568 | D:6      | Reached skill level 10 in Summonings
  5714 | D:6      | Noticed Eustachio
  5737 | D:6      | Killed Eustachio
  5771 | D:6      | Found an opulent altar of Gozag.
  6106 | D:6      | Reached skill level 1 in Fighting
  6522 | D:7      | Noticed a troll
  6561 | D:7      | Killed a troll
  6603 | D:7      | Identified the +6 demon trident "Demon's Funeral" {elec,
                  | Will+ Stlth+}
  6637 | D:7      | Reached XP level 10. HP: 69/69 MP: 10/16
  7003 | D:7      | Noticed a kobold demonologist
  7008 | D:7      | Killed a kobold demonologist
  7009 | D:7      | Reached skill level 1 in Polearms
  7035 | D:7      | Noticed Joseph
  7049 | D:7      | Killed Joseph
  7088 | D:7      | Reached *** piety under Sif Muna
  7216 | D:7      | Found a staircase to the Ecumenical Temple.
  7588 | D:7      | Identified the +0 chain mail of Fun and Games {Rampage
                  | Str-3 Int+6 Dex-3}
  7712 | D:7      | Reached skill level 5 in Fighting
  7765 | D:7      | Reached XP level 11. HP: 79/79 MP: 17/17
  7859 | D:7      | Found an ancient bone altar of Kikubaaqudgha.
  7972 | D:8      | Noticed a two-headed ogre
  7983 | D:8      | Killed a two-headed ogre
  7984 | D:8      | Reached skill level 5 in Dodging
  8087 | D:8      | Found a shadowy altar of Dithmenos.
  8197 | D:8      | Found a glowing golden altar of the Shining One.
  8234 | D:8      | Reached skill level 11 in Summonings
  8427 | D:8      | Found a snail-covered altar of Cheibriados.
  8599 | D:8      | Reached **** piety under Sif Muna
  8649 | D:8      | Found an ornate altar of the Wu Jian Council.
  8855 | D:9      | Found a hazy altar of Hepliaklqana.
  9038 | D:9      | Noticed a seven-headed hydra
  9055 | D:9      | HP: 3/79 [seven-headed hydra (6)]
  9055 | D:9      | Slain by a seven-headed hydra

Illustrated notes

Levels and vault maps discovered:
D:1:      mainiacjoe_arrival_reflecting_pool, layout_basic,
          hellmonk_ecumenical_altar_slurped_away
D:2:      layout_basic, uniq_robin
D:3:      layout_loops_ring, mainiacjoe_overflow_chevrons
D:4:      layout_basic, nicolae_uskayaw_dance_hall, kennysheep_generic_room_12,
          uniq_grinder
D:5:      kennysheep_spiral_hall, layout_gridville, uniq_pikel
D:6:      layout_basic, grunt_gozag_breadcrumbs, uniq_eustachio
D:7:      minmay_the_grid_plus [minmay_the_grid_minigrid_small_alt,
          minmay_the_grid_rooms, minmay_the_grid_plusring,
          minmay_the_grid_empty, minmay_the_grid_prize_four_corners_diamond_b],
          layout_basic, marbit_many_paths, minmay_temple_entry_slanted,
          minivault_14, minivault_4, uniq_joseph
D:8:      layout_rooms, nicolae_dithmenos_through_a_glass_darkly,
          mainiacjoe_overflow_alcove_4, mainiacjoe_overflow_alcove_2,
          slow_altar_2, serial_rivers, chequers_serial_rivers_micro_d,
          chequers_serial_rivers_micro_b, chequers_serial_rivers_micro_a,
          chequers_serial_rivers_large_a, chequers_serial_rivers_large_b,
          chequers_serial_rivers_room_a
D:9:      minmay_ornate_pinched, layout_irregular_city,
          mainiacjoe_overflow_six_doors_small, zombieorc2_lemuel,
          enter_bailey_7, serial_ice, serial_ice_l, serial_ice_e, serial_ice_o,
          serial_ice_g, grunt_decor_one_mirror

Skill      XL: |  1  2  3  4  5  6  7  8  9 10 11 |
---------------+----------------------------------+-----
Summonings     | 5 7 8 9 10 11 | 11.2
Hexes          | 1 3 5 |  5.0
Spellcasting   | 3 4 |  4.0
Invocations    | 4 5 7 8 |  8.7
Air Magic      | 3 |  3.0
Fighting       | 2 5 |  5.0
Dodging        | 3 4 5 |  5.0
Polearms       | 3 4 |  4.9
Stealth        | |  2.4

Action                     |  1- 3 |  4- 6 |  7- 9 | 10-12 || total
---------------------------+-------+-------+-------+-------++-------
  Melee: Unarmed           |     7 |       |       |       ||     7
         Dagger            |    58 |       |       |       ||    58
         Punch             |     2 |       |       |       ||     2
         Whip              |     2 |    49 |    72 |       ||   123
         Demon trident     |       |       |       |   120 ||   120
  Throw: Dart              |       |     2 |       |       ||     2
   Cast: Summon Small Mamm |    19 |     1 |       |       ||    20
         Call Imp          |    20 |    10 |     6 |     1 ||    37
         Call Canine Famil |       |    22 |    23 |    22 ||    67
         Summon Guardian G |       |       |     4 |    12 ||    16
         Summon Lightning  |       |       |       |     8 ||     8
    Use: Scroll            |       |       |       |    11 ||    11
         Potion            |       |       |       |     1 ||     1
   Stab: Sleeping          |     2 |       |       |       ||     2
         Distracted        |       |       |     5 |     4 ||     9
 Armour: Robe              |    16 |    13 |     1 |       ||    30
         Leather armour    |       |       |    34 |       ||    34
         Troll leather arm |       |       |       |    52 ||    52
  Dodge: Dodged            |    52 |    28 |    54 |    88 ||   222

Table legend: (Time is in decaauts)
 A = Elapsed time spent in this place.
 B = Non-inter-level travel time spent in this place.
 C = Inter-level travel time spent in this place.
 D = Time resting spent in this place.
 E = Time spent auto-exploring this place.
 F = Levels seen in this place.
 G = Mean time per level.
                   A        B        C        D        E       F      G
               +--------+--------+--------+--------+--------+-----+--------+
         Total |   9129 |   8735 |    394 |    948 |   5687 |   9 | 1014.3 |
       Dungeon |   9129 |   8735 |    394 |    948 |   5687 |   9 | 1014.3 |
               +--------+--------+--------+--------+--------+-----+--------+

Top non-repeatable levels by time:
     D:7: 1531 daAuts
     D:6: 1179 daAuts
     D:1: 1122 daAuts
     D:3: 1096 daAuts
     D:5: 1048 daAuts
     D:4: 1037 daAuts
     D:2: 957 daAuts
     D:8: 908 daAuts
     D:9: 248 daAuts
